 Dungeon Crawl Stone Soup version 0.16.1-2-g95b8d4c (webtiles) character file.

657 RectalNectar the Covered (level 7, -4/60 HPs)
             Began as a Hill Orc Fighter on Mar 26, 2015.
             Was an Initiate of Beogh.
             Slain by an ice beast (14 damage)
             ... on level 6 of the Dungeon.
             The game lasted 00:32:18 (5632 turns).

RectalNectar the Covered (Hill Orc Fighter)         Turns: 5632, Time: 00:32:18

Health: -4/60      AC: 11    Str: 21    XL:     7   Next: 55%
Magic:  7/7        EV:  9    Int:  8    God:    Beogh [......]
Gold:   407        SH: 10    Dex: 13    Spells: 0 memorised, 6 levels left

rFire  + . .     SeeInvis +     j - +7 spear of Integrity {pierce, Contam rF+ MR+ Dex+3 SInv}
rCold  . . .     Clarity  .     b - +0 scale mail
rNeg   . . .     SustAb   .     c - +0 shield
rPois  .         Gourm    .     (no helmet)
rElec  .         Spirit   .     m - +2 cloak
rCorr  .         Warding  .     (no gloves)
rMut   .         Stasis   .     (no boots)
MR     +....                    (no amulet)
Stlth  ..........               (no ring)
                                (no ring)

@: somewhat resistant to hostile enchantments, extremely unstealthy
A: no striking features
a: Renounce Religion


You were on level 6 of the Dungeon.
You worshipped Beogh.
Beogh was noncommittal.
You were not hungry.

You visited 1 branch of the dungeon, and saw 6 of its levels.

You collected 407 gold pieces.

Inventory:

Hand weapons
 a - a +0 war axe
 j - the +7 spear of Integrity (weapon) {pierce, Contam rF+ MR+ Dex+3 SInv}
   (You found it on level 4 of the Dungeon)

   It inflicts extra damage upon your enemies.
   It affects your dexterity (+3).
   It protects you from fire.
   It affects your resistance to hostile enchantments.
   It enhances your eyesight.
   It causes magical contamination when unequipped.
Armour
 b - a +0 scale mail (worn)
 c - a +0 shield (worn)
 m - a +2 cloak (worn)
 r - a +0 leather armour of magic resistance
Magical devices
 k - a wand of random effects (16)
 q - a wand of fire (6)
 v - a wand of paralysis (9)
Scrolls
 l - a scroll of amnesia
 n - 2 scrolls of remove curse
 p - a scroll of magic mapping
 t - a scroll of recharging
 u - a scroll of teleportation {unknown}
 w - a scroll of holy word {unknown}
 x - a scroll of enchant armour {unknown}
Potions
 e - 3 potions of might
 f - a potion of poison {unknown}
 i - a potion of flight {unknown}
 s - a potion of cure mutation {unknown}
Comestibles
 d - 2 meat rations
 g - 3 beef jerkies
 h - a chunk of flesh
 o - 5 bread rations


   Skills:
 + Level 4.9 Fighting
 + Level 4.5(4.8) Axes
 + Level 1.9(3.0) Polearms
 + Level 5.5 Armour
 + Level 2.2 Dodging
 + Level 0.1 Stealth
 + Level 5.5 Shields


You had 6 spell levels left.
You didn't know any spells.

Dungeon Overview and Level Annotations

Branches:
Dungeon (6/15)             Temple (0/1) D:5

Altars:
Fedhas
Nemelex Xobeh
Trog

Annotations:
D:5 Prince Ribbit


Message History

The ice beast hits you. The ice beast freezes you!
You hit the ice beast.
The ice beast is heavily wounded.
The ice beast closely misses you.
You closely miss the ice beast.
The ice beast is heavily wounded.
The ice beast barely misses you.
You hit the ice beast.
The ice beast is heavily wounded.
The ice beast hits you but does no damage.
You hit the ice beast.
The ice beast is severely wounded.
The ice beast hits you. The ice beast freezes you!
* * * LOW HITPOINT WARNING * * *
You hit the ice beast.
The ice beast is severely wounded.
The ice beast hits you.
* * * LOW HITPOINT WARNING * * *
The ice beast freezes you!
You die...

. .##. ..#..
.. ..#... ..
..... #.#
.... ..#
#..###.##
#.Y....##
#@.....#
#..###...#
#.## ##.#
#.<# ##.##
##..######
####........#
#.........[.#


You could see an ice beast.

Vanquished Creatures
  A necrophage (D:5)
  2 eyes of draining (D:5)
  3 scorpions
  A crimson imp (D:5)
  2 hounds
  An iguana (D:5)
  3 jellies
  A worker ant (D:5)
  An adder (D:2)
  3 worms (D:2)
  An adder skeleton (D:4)
  2 giant geckos
  4 orcs
  10 bats
  A giant cockroach (D:1)
  18 hobgoblins
  8 kobolds
  4 giant newts
  15 goblins
  2 jackals (D:5)
  4 quokkas
  7 rats
94 creatures vanquished.

Notes
Turn   | Place    | Note
--------------------------------------------------------------
     0 | D:1      | RectalNectar, the Hill Orc Fighter, began the quest for the Orb.
     0 | D:1      | Reached XP level 1. HP: 19/19 MP: 1/1
   493 | D:1      | Reached XP level 2. HP: 27/27 MP: 2/2
   980 | D:2      | Reached XP level 3. HP: 11/33 MP: 3/3
  1401 | D:2      | Reached skill level 4 in Armour
  2067 | D:2      | Reached XP level 4. HP: 38/40 MP: 4/4
  2089 | D:3      | Noticed an ogre
  3586 | D:4      | Found a blossoming altar of Fedhas.
  3588 | D:4      | Became a worshipper of Beogh the Brigand
  3628 | D:4      | Reached skill level 1 in Dodging
  3628 | D:4      | Reached XP level 5. HP: 46/46 MP: 5/5
  4084 | D:4      | Got a dazzling spear
  4088 | D:4      | Identified the +7 spear of Integrity {pierce, Contam rF+ MR+ Dex+3 SInv} (You found it on level 4 of the Dungeon)
  4241 | D:5      | Entered Level 5 of the Dungeon
  4249 | D:5      | Reached XP level 6. HP: 52/52 MP: 6/6
  4261 | D:5      | Found a staircase to the Ecumenical Temple.
  4385 | D:5      | Reached skill level 5 in Shields
  4500 | D:5      | Reached skill level 5 in Armour
  4667 | D:5      | Found a bloodstained altar of Trog.
  4667 | D:5      | Noticed an eye of draining
  4668 | D:5      | Noticed an eye of draining
  4687 | D:5      | Killed an eye of draining
  4687 | D:5      | Reached skill level 1 in Polearms
  4687 | D:5      | Reached XP level 7. HP: 60/60 MP: 0/7
  4695 | D:5      | Killed an eye of draining
  4767 | D:5      | Noticed Prince Ribbit
  4835 | D:5      | Found a sparkling altar of Nemelex Xobeh.
  5632 | D:6      | Slain by an ice beast

Action                   |  1- 3 |  4- 6 |  7- 9 || total
-------------------------+-------+-------+-------++-------
Melee: War axe           |   121 |    94 |       ||   215
       Spear             |       |    57 |    52 ||   109
Invok: Convert to Beogh  |       |     1 |       ||     1
  Use: Scroll            |     6 |     1 |       ||     7
       Potion            |       |       |     1 ||     1
  Eat: Chunk             |     4 |     4 |       ||     8
       Fruit             |       |     3 |       ||     3
       Royal jelly       |       |     1 |       ||     1
       Meat ration       |       |       |     1 ||     1
